General information
			
			
        
        - name: echo files (windows)
 
        - type: Custom game
 
        - host: greedoFthenoob
 
        - saver: greedoFthenoob
 
        
map: EchoIsles 
        - players: 2
 
        - length: 29:57
 
        - speed: Fast
 - version: 1.22 W3XP
 - replay type:  Public
 
» download(107 KB)
Players
        team 1 (winner) 
              
              
greedoFthenoob (
pink | 94 APM | 2803 actions | 29:57)
              
 5 Archmage 
 3 Summon Water Elemental
 2 Brilliance Aura
 5 Mountain King 
 3 Storm Bolt
 2 Bash
 
                » actions 
                
                | Assign group hotkey | 37 |  | 
| Basic commands | 157 |  | 
| Build / train | 104 |  | 
| ESC pressed | 3 |  | 
| Enter build submenu | 28 |  | 
| Enter hero's abilities submenu | 10 |  | 
| Give item / drop item | 1 |  | 
| Right click | 1230 |  | 
| Select / deselect | 699 |  | 
| Select group hotkey | 392 |  | 
| Use ability | 142 |  | 
                2803 total
 » units 
                
                | Peasant | 50 |  | 
| Footman | 10 |  | 
| Forest Troll Shadow Priest | 1 |  | 
| Priest | 5 |  | 
| Spell Breaker | 5 |  | 
| Knight | 2 |  | 
| Mortar Team | 1 |  | 
                74 total
 » upgrades
                
                | Priest Training | 2 |  | 
| Control Magic | 1 |  | 
| Fragmentation Shards | 1 |  | 
| Flare | 1 |  | 
                5 total
 » buildings
                
                | Altar of Kings | 1 |  | 
| Farm | 10 |  | 
| Barracks | 1 |  | 
| Keep | 1 |  | 
| Arcane Sanctum | 3 |  | 
| Arcane Vault | 2 |  | 
| Blacksmith | 1 |  | 
| Lumber Mill | 1 |  | 
| Castle | 1 |  | 
| Town Hall | 1 |  | 
| Workshop | 1 |  | 
                23 total
 » build order
                00:04 Altar of Kings
00:15 Farm
00:19 Barracks
00:53 Farm
01:33 Farm
03:32 Keep
06:02 Arcane Sanctum
06:03 Arcane Sanctum
06:13 Arcane Sanctum
06:15 Arcane Vault
06:34 Farm
06:57 Farm
07:18 Farm
07:47 Blacksmith
07:54 Lumber Mill
11:16 Castle
11:45 Farm
12:10 Farm
12:27 Farm
13:22 Farm
22:10 Town Hall
26:53 Arcane Vault
27:59 Workshop
» items
                
                | Boots of Speed | 2 |  | 
| Potion of Healing | 1 |  | 
| Scroll of Town Portal | 3 |  | 
| Scroll of Healing | 4 |  | 
                10 total
  
               team 2 (loser) 
              
              
ATOUCHOFHERLIPS (
orange | 110 APM | 3303 actions | 29:54)
              
 3 Firelord 
 2 Summon Lava Spawn
 1 Soul Burn
 3 Pandaren Brewmaster 
 2 Breath of Fire
 1 Drunken Haze
 
                » actions 
                
                | Assign group hotkey | 195 |  | 
| Basic commands | 26 |  | 
| Build / train | 85 |  | 
| ESC pressed | 16 |  | 
| Enter build submenu | 44 |  | 
| Enter hero's abilities submenu | 6 |  | 
| Give item / drop item | 2 |  | 
| Right click | 1212 |  | 
| Select / deselect | 561 |  | 
| Select group hotkey | 982 |  | 
| Use ability | 173 |  | 
                3303 total
 » units 
                
                | Peasant | 17 |  | 
| Footman | 16 |  | 
| Mud Golem | 1 |  | 
| Forest Troll Berserker | 1 |  | 
| Forest Troll Shadow Priest | 1 |  | 
| Sorceress | 2 |  | 
| Spell Breaker | 7 |  | 
| Priest | 1 |  | 
                46 total
 » buildings
                
                | Barracks | 2 |  | 
| Farm | 6 |  | 
| Altar of Kings | 2 |  | 
| Keep | 1 |  | 
| Arcane Vault | 2 |  | 
| Arcane Sanctum | 3 |  | 
| Lumber Mill | 1 |  | 
| Guard Tower | 9 |  | 
| Town Hall | 5 |  | 
| Scout Tower | 15 |  | 
                46 total
 » build order
                00:08 Barracks
00:12 Barracks
00:15 Farm
00:20 Farm
00:48 Altar of Kings
01:29 Farm
03:39 Keep
04:49 Farm
05:11 Arcane Vault
06:14 Arcane Sanctum
06:41 Lumber Mill
07:00 Arcane Sanctum
07:16 Farm
08:11 Guard Tower
08:19 Guard Tower
08:19 Guard Tower
12:21 Farm
12:40 Town Hall
12:43 Scout Tower
12:44 Scout Tower
12:45 Scout Tower
15:08 Arcane Vault
15:55 Scout Tower
15:57 Scout Tower
15:59 Scout Tower
16:04 Town Hall
16:26 Arcane Sanctum
16:33 Guard Tower
19:37 Town Hall
21:07 Town Hall
21:31 Scout Tower
21:34 Scout Tower
21:36 Scout Tower
22:34 Scout Tower
22:44 Scout Tower
22:45 Scout Tower
22:49 Guard Tower
23:09 Guard Tower
23:10 Scout Tower
23:15 Guard Tower
23:18 Scout Tower
23:34 Guard Tower
23:38 Scout Tower
23:41 Town Hall
23:46 Guard Tower
28:01 Altar of Kings
» items
                
                | Scroll of Regeneration | 5 |  | 
| Lesser Clarity Potion | 3 |  | 
| Ivory Tower | 6 |  | 
| Scroll of Town Portal | 4 |  | 
| Potion of Healing | 1 |  | 
                19 total
  
                Chat log
          
(21:40 / All) greedoFthenoob: let the record show that i instructed him to take 10 gold from the mine
(29:52 / All) ATOUCHOFHERLIPS: GG TURK